cohdb
Replays
Latest Replays
All Replays
Popular Replays
Top Player Replays
Match Explorer
How It Works
Community
CoH3 Stats
Reddit
Sign in to upload your games and track your stats! →
Sign in with Steam
Match 41596182
Unlisted
Match 41596182
Overview
Messages
Build Orders
End
Royal Engineer Section
Construct Section Command Post
Dingo Light Scout Car
Dingo Light Scout Car
Selects Canadian Shock Battlegroup
Selects Attacking Spirit
Selects Canadian Shock Section
Canadian Shock Section
ML 3-inch Mortar Team
Selects Incendiary Munitions
Construct Platoon Command Post
Infantry Section
6-pounder Anti-tank Gun Team
Humber Armored Car
Selects Pyrotechnics
Selects Smoke Operation
Infantry Section
Humber Armored Car
Infantry Section
Infantry Section
6-pounder Anti-tank Gun Team
Unlock Bishop Self-propelled Artillery
Construct Company Command Post
Selects Churchill Crocodile Heavy Tank
Humber Armored Car
Vickers Machine Gun Team
narwhal
Grand.G
0
0
Comments
sign in to comment!
No comments posted yet!